 Dungeon Crawl Stone Soup version 0.22-a0-775-ga7d80019b5 (webtiles) character file.

6254 Htamos the Nimble (level 10, -19/79 HPs)
             Began as a Gnoll Gladiator on July 18, 2018.
             Was an Elder of Cheibriados.
             Demolished by a white ugly thing (52 damage)
             ... on level 9 of the Dungeon.
             The game lasted 00:21:41 (10218 turns).

Htamos the Nimble (Gnoll Gladiator)                Turns: 10218, Time: 00:21:43

Health: -19/79     AC: 14    Str: 30    XL:     10   Next: 93%
Magic:  13/18      EV: 17    Int: 20    God:    Cheibriados [****..]
Gold:   413        SH:  0    Dex: 29    Spells: 11/20 levels left

rFire    + . .     SeeInvis .   C - +0 great sword
rCold    x . .     Gourm    .   (shield currently unavailable)
rNeg     . . .     Faith    .   l - +0 chain mail
rPois    .         Spirit   .   p - +2 helmet
rElec    .         Reflect  .   t - +0 cloak
rCorr    .         Harm     .   (no gloves)
MR       .....                  (no boots)
Stlth    +.........             (no amulet)
HPRegen  0.23/turn              q - ring of the Nightingale {Fire +Blink Str+2}
MPRegen  0.16/turn              (no ring)

@: very slow
A: distributed training, fangs 1, strong nose
a: Bend Time, Temporal Distortion, Slouch, Renounce Religion, Evoke Blink


You were on level 9 of the Dungeon.
You worshipped Cheibriados.
Cheibriados was greatly pleased with you.
You were not hungry.

You visited 1 branch of the dungeon, and saw 9 of its levels.

You collected 413 gold pieces.

Inventory:

Hand Weapons
 a - a +1 war axe
 A - a +0 triple crossbow
 C - a +0 great sword (weapon)
Missiles
 d - 3 throwing nets (quivered)
 i - 338 stones
 s - 4 silver javelins
 B - 24 bolts
Armour
 b - a +0 leather armour
 c - a +0 helmet
 g - a +0 cloak
 l - a +0 chain mail (worn)
 p - a +2 helmet (worn)
 t - a +0 cloak (worn)
Jewellery
 q - the ring of the Nightingale (left hand) {Fire +Blink Str+2}
   (You found it on level 7 of the Dungeon)

   [ring of fire]

   It enhances your fire magic.
   It affects your strength (+2).
   It protects you from fire.
   It makes you vulnerable to cold.
   It lets you blink.
Wands
 m - a wand of flame (12)
 v - a wand of paralysis (15)
Scrolls
 e - 4 scrolls of teleportation
 j - 10 scrolls of identify
 k - 2 scrolls of remove curse
 r - 4 scrolls of amnesia
 u - a scroll of random uselessness {unknown}
 y - a scroll of fog
 E - a scroll of blinking
Potions
 h - a potion of haste {unknown}
 n - a potion of agility
 o - a potion of invisibility
 w - a potion of mutation {unknown}
 x - 2 potions of curing
 z - a potion of magic {unknown}
Comestibles
 f - 18 rations
 D - 6 chunks of flesh


   Skills:
 + Level 7.3 Fighting
 + Level 5.6 Short Blades
 + Level 5.6 Long Blades
 + Level 8.7 Axes
 + Level 5.6 Maces & Flails
 + Level 5.6 Polearms
 + Level 5.6 Staves
 + Level 5.6 Slings
 + Level 5.6 Bows
 + Level 5.6 Crossbows
 + Level 7.3 Throwing
 + Level 5.6 Armour
 + Level 8.7 Dodging
 + Level 5.6 Stealth
 + Level 5.6 Shields
 + Level 5.6 Unarmed Combat
 + Level 5.6 Spellcasting
 + Level 4.6 Conjurations
 + Level 4.6 Hexes
 + Level 4.6 Charms
 + Level 4.6 Summonings
 + Level 4.6 Necromancy
 + Level 4.6 Translocations
 + Level 4.6 Transmutations
 + Level 4.6 Fire Magic
 + Level 4.6 Ice Magic
 + Level 4.6 Air Magic
 + Level 4.6 Earth Magic
 + Level 4.6 Poison Magic
 + Level 6.2 Invocations
 + Level 5.6 Evocations


You had 11 spell levels left.
You knew the following spells:

 Your Spells              Type           Power        Failure   Level  Hunger
a - Force Lance           Conj/Tloc      ###.....     58%         4    ####...
b - Ensorcelled Hibernat  Hex/Ice        ###...       12%         2    None
c - Tukima's Dance        Hex            ###.....     22%         3    ##.....

Your spell library contained the following spells:

 Spells                   Type           Power        Failure   Level  Hunger
 Magic Dart               Conj           ###.         8%          1    None
 Confuse                  Hex            ###.....     22%         3    ##.....
 Iskenderun's Mystic Bla  Conj           ###.....     58%         4    ####...
 Corona                   Hex            ###....      8%          1    None
 Fulminant Prism          Conj/Hex       ###.......   58%         4    ####...
 Dazzling Spray           Conj/Hex       ###...       22%         3    ##.....
 Searing Ray              Conj           ###...       12%         2    None


Dungeon Overview and Level Annotations

Branches:
Dungeon (9/15)             Temple (0/1) D:6
   Lair: D:8-11         Orc: D:9-12

Altars:
Ashenzari
Cheibriados
Dithmenos
Gozag
Hepliaklqana
Okawaru
Ru
Trog
Vehumet
Xom
Yredelemnul
Zin

Shops:
D:8 [

Annotations:
D:5 exclusions: door and 2 more exclusions
D:7 exclusion: statue


Innate Abilities, Weirdness & Mutations

Your experience applies equally to all skills.
You have very sharp teeth.
Your uncanny sense of smell can sniff out nearby items.


Message History

You open the door.
A crocodile and an ugly thing come into view.
The white ugly thing gurgles horribly!
Found a potion of heal wounds.
You hit the white ugly thing but do no damage.
Your bite misses the white ugly thing.
The white ugly thing closely misses you.
You riposte.
You hit the white ugly thing. You bite the white ugly thing.
The white ugly thing is lightly wounded.
The white ugly thing trunk-slaps you. The white ugly thing freezes you!!
You feel a terrible chill!
* * * LOW HITPOINT WARNING * * *
You can feel time thicken for a moment.
You feel somewhat more hungry.
You can no longer step out of the time flow.
Cheibriados lowers the support of your attributes as your movement quickens.
The white ugly thing trunk-slaps you.
* * * LOW HITPOINT WARNING * * *
The white ugly thing freezes you!!!
You feel a terrible chill!
Ouch! That really hurt!
You die...

##...##.#...
##.....#.####
#.+.....'.....
#.##.....#.##8. ##.#
##...##...#. #+ ##.#
#.....#.#.8. #.##.##
##...##.#.#.
#.#.###.!#.....#.#.8.
#.#@ut.$###+###.#...
#.#.###..#.....#.#.8.
#.##.## ##...##.#.#.
#+ ##.## #.....#.#.8.
∆ ##.####...##...#.
##.##.....#.##8.
##.'....)'.....
###.....#.####
##...##.#..(


You could see a white ugly thing and a crocodile.

Vanquished Creatures
  A manticore (D:8)
  Maurice (D:8)
  A troll (D:8)
  Grinder (D:6)
  A meliai (D:9)
  Prince Ribbit (D:6)
  A hippogriff (D:7)
  A shadow (D:9)
  A wyvern (D:9)
  Sigmund (D:6)
  A human (D:8)
  A hungry ghost (D:5)
  Menkaure (D:5)
  A sky beast (D:9)
  3 orc warriors
  3 ice beasts
  3 ogres
  2 necrophages (D:6)
  5 centaurs
  The ghost of Fandomethor the Cudgeler, an amateur GrFi (D:3)
  Blork the orc (D:5)
  6 bullfrogs
  A scorpion (D:9)
  6 killer bees (D:7)
  3 howler monkeys (D:7)
  4 crimson imps
  3 orc priests
  3 bullfrog skeletons
  Crazy Yiuf (D:2)
  7 hounds
  7 iguanas
  6 orc wizards
  7 worker ants
  A hound skeleton (D:7)
  2 worker ant zombies
  9 adders
  An adder zombie (D:7)
  An ooze (D:2)
  An adder skeleton (D:8)
  4 worms
  2 dart slugs
  11 leopard geckos
  14 orcs
  6 giant cockroaches
  3 goblins (D:1)
  6 hobgoblins
  14 jackals
  5 quokkas
  A ball python (D:5)
  5 bats
  2 frilled lizards
  A jackal skeleton (D:7)
  A jackal zombie (D:5)
  6 kobolds
  6 rats
188 creatures vanquished.

Notes
Turn   | Place    | Note
-------+----------+-------------------------------------------
     0 | D:1      | Htamos the Gnoll Gladiator began the quest for the Orb.
     0 | D:1      | Reached XP level 1. HP: 20/20 MP: 1/1
   172 | D:1      | Reached XP level 2. HP: 26/26 MP: 2/2
   637 | D:2      | Reached XP level 3. HP: 31/31 MP: 3/3
   900 | D:2      | Found a sacrificial altar of Ru.
   922 | D:2      | Reached skill level 1 in Invocations
  1114 | D:2      | Reached skill level 1 in Short Blades
  1114 | D:2      | Reached skill level 1 in Long Blades
  1114 | D:2      | Reached skill level 1 in Maces & Flails
  1114 | D:2      | Reached skill level 1 in Polearms
  1114 | D:2      | Reached skill level 1 in Staves
  1114 | D:2      | Reached skill level 1 in Slings
  1114 | D:2      | Reached skill level 1 in Bows
  1114 | D:2      | Reached skill level 1 in Crossbows
  1114 | D:2      | Reached skill level 1 in Armour
  1114 | D:2      | Reached skill level 1 in Stealth
  1114 | D:2      | Reached skill level 1 in Shields
  1114 | D:2      | Reached skill level 1 in Unarmed Combat
  1114 | D:2      | Reached skill level 1 in Spellcasting
  1114 | D:2      | Reached skill level 1 in Evocations
  1114 | D:2      | Reached XP level 4. HP: 32/38 MP: 5/5
  1205 | D:2      | Found a snail-covered altar of Cheibriados.
  1237 | D:2      | Became a worshipper of Cheibriados the Contemplative
  1393 | D:2      | Reached skill level 1 in Conjurations
  1393 | D:2      | Reached skill level 1 in Hexes
  1393 | D:2      | Reached skill level 1 in Charms
  1393 | D:2      | Reached skill level 1 in Summonings
  1393 | D:2      | Reached skill level 1 in Necromancy
  1393 | D:2      | Reached skill level 1 in Translocations
  1393 | D:2      | Reached skill level 1 in Transmutations
  1393 | D:2      | Reached skill level 1 in Fire Magic
  1393 | D:2      | Reached skill level 1 in Ice Magic
  1393 | D:2      | Reached skill level 1 in Air Magic
  1393 | D:2      | Reached skill level 1 in Earth Magic
  1393 | D:2      | Reached skill level 1 in Poison Magic
  1393 | D:2      | Reached XP level 5. HP: 43/43 MP: 6/6
  1570 | D:2      | Found a runed door.
  1810 | D:2      | Noticed Crazy Yiuf
  1819 | D:2      | Killed Crazy Yiuf
  2290 | D:3      | Found a glowing silver altar of Zin.
  2357 | D:3      | Noticed Fandomethor's ghost (amateur GrFi)
  2358 | D:3      | Found a runed door.
  2560 | D:3      | Killed Fandomethor's ghost
  2560 | D:3      | Reached XP level 6. HP: 32/50 MP: 8/8
  2830 | D:4      | Reached * piety under Cheibriados
  2985 | D:4      | Reached skill level 5 in Fighting
  2985 | D:4      | Reached skill level 5 in Throwing
  3430 | D:4      | HP: 1/51 [orc priest/divine providence (15)]
  3604 | D:4      | Found an opulent altar of Gozag.
  3798 | D:5      | Entered Level 5 of the Dungeon
  3798 | D:5      | Noticed Blork the orc
  3812 | D:5      | Killed Blork the orc
  3812 | D:5      | Reached XP level 7. HP: 41/56 MP: 10/10
  3979 | D:5      | Noticed a hungry ghost
  3986 | D:5      | Killed a hungry ghost
  4021 | D:5      | Found a shattered altar of Ashenzari.
  4041 | D:5      | Found the +6 arbalest "Damnation" {damnation}
  4183 | D:5      | HP: 1/56 [electric eel/bolt of electricity (12)]
  4552 | D:5      | Noticed Menkaure
  4560 | D:5      | Reached XP level 8. HP: 21/63 MP: 8/12
  4562 | D:5      | Reached ** piety under Cheibriados
  4576 | D:5      | Killed Menkaure
  4775 | D:5      | Found a shimmering altar of Xom.
  5667 | D:6      | Found an iron altar of Okawaru.
  5676 | D:6      | Noticed Grinder
  5722 | D:6      | Killed Grinder
  5732 | D:6      | Noticed Sigmund
  5751 | D:6      | Killed Sigmund
  5910 | D:6      | Noticed Prince Ribbit
  5913 | D:6      | Reached XP level 9. HP: 46/69 MP: 14/14
  6182 | D:6      | Found a hazy altar of Hepliaklqana.
  6201 | D:6      | Learned a level 4 spell: Force Lance
  6236 | D:6      | Killed Prince Ribbit
  6254 | D:6      | Found a bloodstained altar of Trog.
  6269 | D:6      | Reached *** piety under Cheibriados
  6665 | D:6      | Found a shadowy altar of Dithmenos.
  6789 | D:6      | Found a staircase to the Ecumenical Temple.
  6859 | D:6      | Found a basalt altar of Yredelemnul.
  7175 | D:7      | Reached skill level 5 in Invocations
  7278 | D:7      | Reached **** piety under Cheibriados
  7451 | D:7      | Found a radiant altar of Vehumet.
  7457 | D:7      | Reached XP level 10. HP: 71/77 MP: 17/17
  7515 | D:7      | Got a faintly glowing bronze ring
  8348 | D:8      | Reached skill level 5 in Short Blades
  8348 | D:8      | Reached skill level 5 in Long Blades
  8348 | D:8      | Reached skill level 5 in Maces & Flails
  8348 | D:8      | Reached skill level 5 in Polearms
  8348 | D:8      | Reached skill level 5 in Staves
  8348 | D:8      | Reached skill level 5 in Slings
  8348 | D:8      | Reached skill level 5 in Bows
  8348 | D:8      | Reached skill level 5 in Crossbows
  8348 | D:8      | Reached skill level 5 in Armour
  8348 | D:8      | Reached skill level 5 in Stealth
  8348 | D:8      | Reached skill level 5 in Shields
  8348 | D:8      | Reached skill level 5 in Unarmed Combat
  8348 | D:8      | Reached skill level 5 in Spellcasting
  8348 | D:8      | Reached skill level 5 in Evocations
  8353 | D:8      | Identified the ring of the Nightingale {Fire +Blink Str+2} (You found it on level 7 of the Dungeon)
  8808 | D:8      | Noticed a manticore
  8818 | D:8      | Killed a manticore
  9190 | D:8      | Noticed Maurice
  9234 | D:8      | Learned a level 2 spell: Ensorcelled Hibernation
  9238 | D:8      | Learned a level 3 spell: Tukima's Dance
  9244 | D:8      | Found Giroetuj's Antique Armour Shoppe.
  9561 | D:8      | Killed Maurice
 10022 | D:9      | Found a shattered altar of Ashenzari.
 10046 | D:9      | Reached ***** piety under Cheibriados
 10216 | D:9      | Noticed a white ugly thing
 10218 | D:9      | Demolished by a white ugly thing

Vault maps used:
D:1:      dpeg_arrival_rhombus
D:2:      cheibriados_altar_1, lemuel_round_altar, first_ration,
          uniq_crazy_yiuf_cottage
D:3:      zin_statuary, hellmonk_ghost_happy_afterlife
D:4:      nicolae_gozag_seed_capital
D:5:      cheibrodos_two_vegetables, old_standard_altar,
          overflow_temple_1_default, gup_sewer_entry_bowl,
          nicolae_ossuary_entry_plus, uniq_blork_the_orc, uniq_menkaure
D:6:      nicolae_dithmenos_shadow_blocks, old_standard_altar, temple_hall,
          hangedman_feature_mirror, minmay_misc_feat_alley, serial_park_tiny_1,
          trog_three_pillars_becter, uniq_grinder, uniq_sigmund,
          uniq_prince_ribbit1
D:7:      vehumet_statue
D:8:      grunt_pizzeria, minmay_shop_grid_forest, uniq_maurice
D:9:      wad_arrow_thing, hiddenorc1_lemuel, cheibrodos_ashenzari_chains

Skill      XL: |  1  2  3  4  5  6  7  8  9 10 |
---------------+-------------------------------+-----
Invocations    | 1 2 3 4 5 6 |  6.2
Short Blades   | 1 2 3 4 5 |  5.6
Long Blades    | 1 2 3 4 5 |  5.6
Maces & Flails | 1 2 3 4 5 |  5.6
Polearms       | 1 2 3 4 5 |  5.6
Staves         | 1 2 3 4 5 |  5.6
Slings         | 1 2 3 4 5 |  5.6
Bows           | 1 2 3 4 5 |  5.6
Crossbows      | 1 2 3 4 5 |  5.6
Armour         | 1 2 3 4 5 |  5.6
Stealth        | 1 2 3 4 5 |  5.6
Shields        | 1 2 3 4 5 |  5.6
Unarmed Combat | 1 2 3 4 5 |  5.6
Spellcasting   | 1 2 3 4 5 |  5.6
Evocations     | 1 2 3 4 5 |  5.6
Conjurations   | 1 2 3 4 |  4.6
Hexes          | 1 2 3 4 |  4.6
Charms         | 1 2 3 4 |  4.6
Summonings     | 1 2 3 4 |  4.6
Necromancy     | 1 2 3 4 |  4.6
Translocations | 1 2 3 4 |  4.6
Transmutations | 1 2 3 4 |  4.6
Fire Magic     | 1 2 3 4 |  4.6
Ice Magic      | 1 2 3 4 |  4.6
Air Magic      | 1 2 3 4 |  4.6
Earth Magic    | 1 2 3 4 |  4.6
Poison Magic   | 1 2 3 4 |  4.6
Fighting       | 5 6 7 |  7.3
Throwing       | 5 6 7 |  7.3
Axes           | 7 8 |  8.7
Dodging        | 7 8 |  8.7

Action                   |  1- 3 |  4- 6 |  7- 9 | 10-12 || total
-------------------------+-------+-------+-------+-------++-------
Melee: War axe           |    75 |   138 |   279 |   116 ||   608
       Bite              |     5 |    12 |    44 |    26 ||    87
       Punch             |       |     1 |     8 |     9 ||    18
       Great sword       |       |       |       |    17 ||    17
 Fire: Triple crossbow   |       |       |       |     5 ||     5
Invok: Bend Time         |       |       |     1 |       ||     1
       Slouch            |       |       |       |     1 ||     1
Evoke: Wand              |       |       |     2 |       ||     2
  Use: Potion            |       |     8 |     4 |       ||    12
       Scroll            |       |     7 |     3 |     2 ||    12
 Stab: Sleeping          |     2 |       |     2 |     2 ||     6
  Eat: Chunk             |     1 |     7 |     4 |     5 ||    17
       Ration            |       |       |     1 |       ||     1
Armor: Leather armour    |     5 |       |       |       ||     5
       Scale mail        |     8 |    35 |    64 |    10 ||   117
       Skin              |       |    32 |    53 |       ||    85
       Chain mail        |       |       |       |    50 ||    50
Dodge: Dodged            |    61 |    98 |   208 |   146 ||   513
       Rpst.: Great sword |       |       |       |     7 ||     7

Table legend:
 A = Spawn XP
 B = Non-spawn XP
 C = Spawn XP percentage of total XP
 D = Spawn monster count
 E = Non-spawn monster count
 F = Spawn count percentage of total count
 G = Total turns spent on level
                    A         B        C        D         E        F      G
               +---------+---------+-------+---------+---------+-------+---------
         Total |       0 |    8935 |   0.0 |       0 |     188 |   0.0 | 10218
               +---------+---------+-------+---------+---------+-------+---------
           D:1 |       0 |      29 |   0.0 |       0 |      16 |   0.0 |   593
           D:2 |       0 |     195 |   0.0 |       0 |      28 |   0.0 |  1323
           D:3 |       0 |     137 |   0.0 |       0 |       9 |   0.0 |   866
           D:4 |       0 |     247 |   0.0 |       0 |      17 |   0.0 |  1016
           D:5 |       0 |     991 |   0.0 |       0 |      28 |   0.0 |  2051
           D:6 |       0 |    2026 |   0.0 |       0 |      26 |   0.0 |  1201
           D:7 |       0 |    1690 |   0.0 |       0 |      32 |   0.0 |  1331
           D:8 |       0 |    2223 |   0.0 |       0 |      19 |   0.0 |  1575
           D:9 |       0 |    1397 |   0.0 |       0 |      13 |   0.0 |   262
               +---------+---------+-------+---------+---------+-------+---------
